 Dungeon Crawl Stone Soup version 0.16.1-16-gc44b35d (webtiles) character file.

52817 jacksonaction the Devastator (level 14, -4/68 HPs)
             Began as a Tengu Conjurer on Apr 20, 2015.
             Was a High Priest of Vehumet.
             Slain by a small abomination (11 damage)
             ... summoned by miscasting Spellforged Servitor
             ... on level 7 of the Lair of Beasts.
             The game lasted 04:28:54 (27309 turns).

jacksonaction the Devastator (Tengu Conjurer)      Turns: 27309, Time: 04:28:54

Health: -4/68      AC:  9    Str: 12    XL:     14   Next: 65%
Magic:  7/52       EV: 12    Int: 21    God:    Vehumet [*****.]
Gold:   512        SH:  0    Dex: 15    Spells: 7 memorised, 4 levels left

rFire  . . .     SeeInvis +     n - staff of power
rCold  . . .     Clarity  .     p - +1 robe "Psib" {rN+ Int+2 SInv}
rNeg   + + .     SustAb   .     (no shield)
rPois  +         Gourm    +     (helmet restricted)
rElec  .         Spirit   .     D - +1 cloak
rCorr  .         Warding  .     l - +2 pair of gloves
rMut   .         Stasis   .     (boots unavailable)
MR     ++...                    L - amulet of the gourmand
Stlth  ++........               E - ring of positive energy
                                d - ring "Zuexuer" {rPois MR+ Str+2}

@: very slightly contaminated, very resistant to hostile enchantments,
unstealthy
A: able to fly, beak, talons 3, icy blue scales 1
a: Fly, Renounce Religion


You were on level 7 of the Lair of Beasts.
You worshipped Vehumet.
Vehumet was extremely pleased with you.
You were very full.

You visited 4 branches of the dungeon, and saw 24 of its levels.

You collected 2511 gold pieces.
You spent 1999 gold pieces at shops.

Inventory:

Missiles
 z - 102 tomahawks (quivered)
 S - 5 silver tomahawks
Armour
 l - a +2 pair of gloves (worn)
 p - the +1 robe "Psib" (worn) {rN+ Int+2 SInv}
   (You bought it in a shop on level 4 of the Orcish Mines)

   It affects your intelligence (+2).
   It protects you from negative energy.
   It enhances your eyesight.
 D - a +1 cloak (worn)
Magical staves
 n - an uncursed staff of power (weapon)
Jewellery
 d - the ring "Zuexuer" (left hand) {rPois MR+ Str+2}
   (You bought it in a shop on level 3 of the Orcish Mines)

   [ring of protection from magic]

   It affects your strength (+2).
   It protects you from poison.
   It affects your resistance to hostile enchantments.
 m - an uncursed amulet of resist mutation
 C - an uncursed ring of sustain abilities
 E - a ring of positive energy (right hand)
 L - an amulet of the gourmand (around neck)
Magical devices
 W - a wand of disintegration (10)
Scrolls
 c - a scroll of enchant weapon
 e - 2 scrolls of holy word
 f - 2 scrolls of teleportation
 h - 2 scrolls of fog
 i - 5 scrolls of recharging
 j - 3 scrolls of remove curse
 o - 4 scrolls of vulnerability {unknown}
 r - 7 scrolls of magic mapping
 s - 2 scrolls of enchant armour
 t - 3 scrolls of fear
 B - 3 scrolls of blinking
 F - a scroll of amnesia
Potions
 a - a potion of magic
 g - 5 potions of restore abilities
 k - 3 potions of cure mutation
 u - 3 potions of brilliance
 w - 7 potions of curing
 A - 3 potions of resistance
 H - 3 potions of agility
 I - a potion of heal wounds
 J - a potion of berserk rage
 M - 2 potions of cancellation
 O - 2 potions of invisibility
 R - 2 potions of haste
Books
 x - a book of the Dragon

   Spells                             Type                      Level
   a - Flight                         Charms/Air                   3
   b - Cause Fear                     Hexes                        4
   c - Bolt of Fire                   Conjuration/Fire             6
   d - Dragon Form                    Transmutation                7
   e - Dragon's Call                  Summoning                    9
 P - a book of Dreams

   Spells                             Type                      Level
   a - Ensorcelled Hibernation        Hexes/Ice                    2
   b - Flight                         Charms/Air                   3
   c - Phase Shift                    Translocation                5
   d - Shadow Creatures               Summoning                    5
   e - Mass Confusion                 Hexes                        6
   f - Darkness                       Hexes                        7
Comestibles
 b - 11 bread rations
 q - 3 chunks of flesh
 v - 7 fruits
 G - 6 meat rations
 Q - 4 beef jerkies
 U - 7 slices of pizza


   Skills:
 - Level 2.1 Dodging
 - Level 2.0 Stealth
 - Level 13.0 Spellcasting
 - Level 17.1 Conjurations
 - Level 6.0 Charms
 - Level 9.0 Summonings
 + Level 11.9 Fire Magic
 - Level 7.4 Air Magic


You had 4 spell levels left.
You knew the following spells:

 Your Spells              Type           Power        Failure   Level  Hunger
b - Bolt of Fire          Conj/Fire      ######....   1%          6    #####..
c - Iskenderun's Battles  Conj/Chrm      ######..     1%          5    ####...
d - Iskenderun's Mystic   Conj           ######..     1%          4    None
e - Mephitic Cloud        Conj/Pois/Air  #####...     1%          3    None
f - Lightning Bolt        Conj/Air       ######....   1%          5    ####...
g - Spellforged Servitor  Conj/Summ      ######....   5%          7    #######
h - Ignite Poison         Fire/Trmt      #####.....   4%          5    ####...


Dungeon Overview and Level Annotations

Branches:
Dungeon (12/15)            Temple (1/1) D:5            Lair (7/8) D:11
 Shoals (0/5) Lair:6       Spider (0/5) Lair:4        Slime (0/6) Lair:6
    Orc (4/4) D:10            Elf (0/3) Orc:3

Altars:
Ashenzari
Cheibriados
Dithmenos
Elyvilon
Fedhas
Gozag
Kikubaaqudgha
Makhleb
Nemelex Xobeh
Okawaru
Qazlal
Ru
Sif Muna
Trog
Vehumet
Xom
Yredelemnul
Zin
The Shining One
Beogh

Shops:
D:7 !![   D:11 *   Orc:3 =[**   Orc:4 [(*(

Portals:
Ice
Cave: Lair:7


Innate Abilities, Weirdness & Mutations

You can fly.
You have a beak for a mouth.
You have claws for feet.
You are partially covered in icy blue scales (AC +1).


Message History

You hear the crackling of a melting archway nearby.
The small abomination hits you but does no damage.
The small abomination hits you!!
* * * LOW HITPOINT WARNING * * *
The polar bear misses you. The polar bear barely misses you.
The polar bear completely misses you.
The small abomination closely misses you.
The small abomination hits you but does no damage.
The small abomination hits you!
* * * LOW HITPOINT WARNING * * *
Drink which item? (? for menu, Esc to quit)
You feel much better. The small abomination hits you.
The small abomination hits you!
* * * LOW HITPOINT WARNING * * *
The polar bear bites you but does no damage.
The polar bear barely misses you.
The polar bear claws you but does no damage.
The small abomination hits you but does no damage.
The small abomination hits you!
You die...

*** ##,* ***** #.### **#*,,,** **
****#**** #.h.####.#...,,***,
*,*...*,** #xh#.#†..h..∩D,**,,
*,P....,,* ####x@##.#**,,,,,,**..
,,....>#####.###x#### *,*,,,***..
+,........#...#8.### ********#..
*...$..............###########...
*........[.#...............+.....
*.....>#.#.####P.#..#.#..P.#.....
*,...,*##### #..###)######......
*,#,,,,** #####.## #.#.....
****,,,,* ##* ###..P##


You could see 2 polar bears, 3 small abominations and a friendly spellforged
servitor.

Vanquished Creatures
  Maud (Lair:5)
  An orc warlord (Orc:4)
  An ice dragon (Lair:7)
  4 hydras
  An unseen horror (D:11)
  A hill giant (D:10)
  3 orc knights
  A griffon (Lair:6)
  4 orc sorcerers
  An ugly thing (D:12)
  An oklob plant (Lair:5)
  A cyclops (D:12)
  A manticore (Lair:6)
  3 elephants (Lair:6)
  3 spiny frogs
  A gargoyle (D:11)
  A queen ant (Lair:1)
  6 black mambas
  8 komodo dragons
  A fire drake (Lair:7)
  7 trolls
  4 polar bears
  3 jumping spiders (Lair:4)
  Prince Ribbit (D:8)
  A two-headed ogre (D:11)
  5 blink frogs
  A trapdoor spider (D:11)
  3 basilisks
  2 deep elf magi
  2 hungry ghosts
  3 wyverns
  7 hippogriffs
  12 yaks
  A mottled dragon (D:11)
  5 water moccasins
  17 soldier ants (Lair:1)
  Edmund (D:9)
  3 wargs
  10 wolves
  A deep elf fighter (D:10)
  8 porcupines
  An eye of draining (D:12)
  2 sky beasts
  A spider (Lair:4)
  A wasp (D:12)
  2 black bears
  2 ice beasts (Lair:7)
  14 ogres
  3 phantoms
  A necrophage (D:6)
  45 orc warriors
  12 centaurs
  Duvessa (D:4)
  A big kobold (D:9)
  12 crocodiles
  13 giant frogs
  5 scorpions
  A wyvern skeleton (D:12)
  8 wights
  A goliath beetle (D:6)
  4 crimson imps
  Dowan (D:4)
  30 killer bees
  A giant frog zombie (D:10)
  4 jellies
  A quasit (D:12)
  2 centaur skeletons
  Crazy Yiuf (D:5)
  38 orc priests
  13 hounds
  Natasha (thrice) (D:5)
  10 iguanas
  32 orc wizards
  27 worker ants
  A killer bee zombie (D:7)
  Ijyb (D:2)
  Jessica (D:2)
  2 hound zombies
  A worker ant zombie (D:11)
  17 gnolls
  21 adders
  16 river rats (Lair:3)
  A shadow imp (D:5)
  A giant mite (D:5)
  A white imp (Lair:7)
  3 worms (D:2)
  2 adder zombies
  3 adder skeletons
  4 giant geckos
  226 orcs
  2 bat zombies
  5 giant cockroaches
  12 goblins
  15 hobgoblins
  19 jackals
  14 kobolds
  3 oozes
  15 quokkas
  A ball python (D:1)
  11 bats
  2 giant gecko skeletons
  4 giant newts
  A quokka zombie (D:8)
  11 rats
  3 fungi
853 creatures vanquished.

Vanquished Creatures (collateral kills)
  The ghost of EvilTwin the Protected, a powerful MiBe of Trog (Lair:1)
  The ghost of Erebus the Bludgeoner, a powerful MiFi of Makhleb (Lair:1)
  A hydra (Lair:5)
  7 elephants (Lair:6)
  A black mamba (Lair:5)
  A griffon (Lair:6)
  A komodo dragon (Lair:5)
  2 spiny frogs
  A polar bear (Lair:6)
  A boulder beetle (Lair:5)
  2 blink frogs (Lair:2)
  A basilisk (Lair:3)
  12 yaks
  2 hippogriffs (Lair:6)
  3 soldier ants (Lair:1)
  A wolf (Lair:2)
  2 porcupines
  2 ice beasts (Lair:7)
  2 crocodiles
  A giant frog (Lair:3)
  3 killer bees (Lair:7)
  4 worker ants (Lair:1)
  An adder (Lair:7)
  2 white imps (Lair:7)
  An ooze (Lair:6)
  An orc (Orc:3)
  2 fungi
59 creatures vanquished.

Vanquished Creatures (others)
  A spellforged servitor (Lair:1)
  A giant frog (Lair:6)
  A plant (Lair:7)
3 creatures vanquished.

Grand Total: 915 creatures vanquished

Notes
Turn   | Place    | Note
--------------------------------------------------------------
     0 | D:1      | jacksonaction, the Tengu Conjurer, began the quest for the Orb.
     0 | D:1      | Reached XP level 1. HP: 10/10 MP: 3/3
   201 | D:1      | Reached XP level 2. HP: 15/15 MP: 0/5
   250 | D:1      | Learned a level 2 spell: Searing Ray
   367 | D:1      | Reached skill level 6 in Conjurations
   561 | D:1      | Reached XP level 3. HP: 19/19 MP: 1/7
  1560 | D:2      | Noticed Ijyb
  1599 | D:2      | Killed Ijyb
  1599 | D:2      | Reached XP level 4. HP: 24/24 MP: 1/9
  1778 | D:2      | Reached skill level 7 in Conjurations
  2067 | D:2      | Noticed Jessica
  2071 | D:2      | Killed Jessica
  2159 | D:2      | Reached XP level 5. HP: 28/28 MP: 8/12
  2202 | D:2      | Learned a level 5 spell: Iskenderun's Battlesphere
  2632 | D:3      | Reached skill level 8 in Conjurations
  2697 | D:3      | Reached skill level 1 in Charms
  2769 | D:3      | Reached XP level 6. HP: 32/32 MP: 10/14
  3053 | D:3      | Reached skill level 9 in Conjurations
  3483 | D:3      | Reached XP level 7. HP: 27/36 MP: 16/16
  3506 | D:3      | Learned a level 4 spell: Iskenderun's Mystic Blast
  4255 | D:4      | Noticed Duvessa
  4268 | D:4      | Noticed Dowan
  4275 | D:4      | Killed Duvessa
  4330 | D:4      | Killed Dowan
  4915 | D:4      | Reached skill level 10 in Conjurations
  5004 | D:4      | Reached XP level 8. HP: 34/41 MP: 20/20
  5336 | D:5      | Entered Level 5 of the Dungeon
  5338 | D:5      | Noticed Natasha
  5339 | D:5      | Killed Natasha
  5571 | D:5      | Noticed Natasha
  5576 | D:5      | Killed Natasha
  5695 | D:5      | Found a glowing silver altar of Zin.
  5731 | D:5      | Found a staircase to the Ecumenical Temple.
  5745 | Temple   | Entered the Ecumenical Temple
  5756 | Temple   | Became a worshipper of Vehumet
  6055 | D:5      | Noticed Natasha
  6055 | D:5      | Killed Natasha
  6306 | D:5      | Noticed Crazy Yiuf
  6314 | D:5      | Killed Crazy Yiuf
  6727 | D:6      | Reached skill level 5 in Spellcasting
  6727 | D:6      | Reached skill level 11 in Conjurations
  7089 | D:6      | Found a deep blue altar of Sif Muna.
  7309 | D:6      | Acquired Vehumet's first power
  7309 | D:6      | Offered knowledge of Sting by Vehumet.
  7549 | D:7      | Found Uxi Simalurch's Distillery.
  7558 | D:7      | Bought a potion of poison for 10 gold pieces
  7558 | D:7      | Bought a potion of restore abilities for 50 gold pieces
  7558 | D:7      | Bought a potion of curing for 30 gold pieces
  7558 | D:7      | Bought a potion of heal wounds for 50 gold pieces
  7558 | D:7      | Bought a potion of berserk rage for 50 gold pieces
  7558 | D:7      | Bought a potion of brilliance for 40 gold pieces
  7558 | D:7      | Bought a potion of agility for 40 gold pieces
  7558 | D:7      | Bought a potion of lignification for 30 gold pieces
  7587 | D:7      | Reached skill level 12 in Conjurations
  7587 | D:7      | Reached XP level 9. HP: 43/45 MP: 22/22
  7639 | D:7      | Found a bloodstained altar of Trog.
  8107 | D:7      | Found Pezaepla's Armour Boutique.
  8110 | D:7      | Bought a +0 pair of gloves for 58 gold pieces
  8490 | D:7      | Reached skill level 13 in Conjurations
  8630 | D:7      | Found Fifit's Distillery.
  8635 | D:7      | Bought a potion of degeneration for 11 gold pieces
  8891 | D:8      | Noticed Prince Ribbit
  8897 | D:8      | Killed Prince Ribbit
  8897 | D:8      | Reached skill level 5 in Charms
  9293 | D:8      | Found an ancient bone altar of Kikubaaqudgha.
  9341 | D:8      | Got a coiled copper ring
  9345 | D:8      | Identified the cursed ring "Jakhloij" {rF+ Int-3} (You found it on level 8 of the Dungeon)
  9610 | D:9      | Found a glowing golden altar of the Shining One.
  9610 | D:9      | Found a shimmering altar of Xom.
  9610 | D:9      | Found a white marble altar of Elyvilon.
  9628 | D:9      | Offered knowledge of Freeze by Vehumet.
  9671 | D:9      | Reached XP level 10. HP: 50/50 MP: 25/25
  9892 | D:9      | Noticed Edmund
  9896 | D:9      | Killed Edmund
  9953 | D:9      | Offered knowledge of Mephitic Cloud by Vehumet.
 10109 | D:9      | Acquired Vehumet's second power
 10115 | D:9      | Learned a level 3 spell: Mephitic Cloud
 10262 | D:9      | Reached skill level 1 in Air Magic
 10323 | D:9      | Offered knowledge of Stone Arrow by Vehumet.
 10756 | D:7      | Bought a potion of magic for 88 gold pieces
 10756 | D:7      | Bought a potion of invisibility for 88 gold pieces
 10756 | D:7      | Bought a potion of haste for 110 gold pieces
 10889 | D:10     | Entered Level 10 of the Dungeon
 10896 | D:10     | Reached skill level 14 in Conjurations
 10909 | D:10     | Found a staircase to the Orcish Mines.
 10919 | Orc:1    | Entered Level 1 of the Orcish Mines
 11490 | D:10     | Noticed a hill giant
 11499 | D:10     | Killed a hill giant
 11624 | D:7      | Bought a potion of heal wounds for 50 gold pieces
 11701 | D:7      | Bought a potion of heal wounds for 55 gold pieces
 12294 | D:10     | Reached XP level 11. HP: 48/54 MP: 29/29
 12443 | D:11     | Found Cloiroel's General Store.
 12469 | D:11     | Noticed a five-headed hydra
 12481 | D:11     | Killed a five-headed hydra
 12481 | D:11     | Acquired Vehumet's third power
 12481 | D:11     | Reached skill level 10 in Spellcasting
 12651 | D:11     | Offered knowledge of Lightning Bolt by Vehumet.
 13104 | D:11     | Reached skill level 15 in Conjurations
 13124 | D:11     | Learned a level 5 spell: Lightning Bolt
 13341 | D:11     | Found a staircase to the Lair.
 13350 | D:11     | Reached skill level 5 in Air Magic
 14185 | Orc:1    | Offered knowledge of Spellforged Servitor by Vehumet.
 14210 | Orc:1    | Learned a level 7 spell: Spellforged Servitor
 14568 | Orc:2    | Found a roughly hewn altar of Beogh.
 14574 | Orc:2    | Reached skill level 1 in Summonings
 14641 | Orc:2    | Found a burning altar of Makhleb.
 14643 | Orc:2    | Noticed an orc knight
 14995 | Orc:2    | Killed an orc knight
 14995 | Orc:2    | Reached skill level 5 in Summonings
 15328 | Orc:3    | Found Gukaehar's General Store.
 15335 | Orc:3    | Found Orchan's Assorted Antiques.
 15343 | Orc:3    | Bought a scroll of enchant weapon for 127 gold pieces
 15343 | Orc:3    | Bought a scroll of random uselessness for 17 gold pieces
 15544 | Orc:3    | Found Sesm's Jewellery Emporium.
 15548 | Orc:3    | Found Pnudoxt's Antique Armour Shop.
 15557 | Orc:3    | Bought a pair of runed gloves for 144 gold pieces
 15763 | Orc:3    | Noticed an orc knight
 15763 | Orc:3    | Reached XP level 12. HP: 59/59 MP: 28/31
 15777 | Orc:3    | Offered knowledge of Ignite Poison by Vehumet.
 16100 | Orc:3    | Found a staircase to the Elven Halls.
 16157 | Orc:3    | Killed an orc knight
 16341 | Orc:4    | Entered Level 4 of the Orcish Mines
 16545 | Orc:4    | Found a roughly hewn altar of Beogh.
 16591 | Orc:4    | Found a roughly hewn altar of Beogh.
 16809 | Orc:4    | Learned a level 5 spell: Ignite Poison
 16848 | Orc:4    | Paralysed by an orc sorcerer for 3 turns
 17222 | Orc:4    | Found a roughly hewn altar of Beogh.
 17223 | Orc:4    | Found Kuipnum's Weapon Emporium.
 17255 | Orc:4    | Found a roughly hewn altar of Beogh.
 17399 | Orc:4    | Found a roughly hewn altar of Beogh.
 17407 | Orc:4    | Found Plia's Assorted Antiques.
 17421 | Orc:4    | Bought a faintly glowing robe for 205 gold pieces
 17421 | Orc:4    | Bought a scroll of teleportation for 108 gold pieces
 17431 | Orc:4    | Identified the +1 robe "Psib" {rN+ Int+2 SInv} (You bought it in a shop on level 4 of the Orcish Mines)
 17482 | Orc:4    | Reached skill level 5 in Fire Magic
 17483 | Orc:4    | Offered knowledge of Bolt of Fire by Vehumet.
 17757 | Orc:4    | Noticed an orc warlord
 17764 | Orc:4    | Found Warr's Antique Armour Boutique.
 17764 | Orc:4    | Found a roughly hewn altar of Beogh.
 17814 | Orc:4    | Killed an orc warlord
 18001 | Orc:4    | Found Larphyost's Antique Weapon Shop.
 18080 | Orc:4    | Found a burning altar of Makhleb.
 18161 | Orc:4    | Found a roughly hewn altar of Beogh.
 18352 | Orc:4    | Found a roughly hewn altar of Beogh.
 18948 | D:12     | Reached XP level 13. HP: 23/63 MP: 34/34
 19424 | D:11     | Noticed an unseen horror
 19427 | D:11     | Killed an unseen horror
 19598 | D:11     | Bought a scroll of identify for 32 gold pieces
 19654 | Orc:3    | Bought the ring "Zuexuer" {rPois MR+ Str+2} for 606 gold pieces
 19766 | Lair:1   | Entered Level 1 of the Lair of Beasts
 19892 | Lair:1   | Noticed Erebus' ghost (powerful MiFi)
 19971 | Lair:1   | Noticed EvilTwin's ghost (powerful MiBe)
 19995 | Lair:1   | Killed EvilTwin's ghost
 20045 | Lair:1   | Offered knowledge of Lee's Rapid Deconstruction by Vehumet.
 20057 | Lair:1   | Killed Erebus' ghost
 21311 | Lair:2   | Reached skill level 16 in Conjurations
 22687 | Lair:3   | Gained mutation: You are partially covered in icy blue scales (AC +1). [potion of beneficial mutation]
 22765 | Lair:3   | Learned a level 6 spell: Bolt of Fire
 22771 | Lair:3   | Offered knowledge of Conjure Ball Lightning by Vehumet.
 23119 | Lair:3   | Reached skill level 17 in Conjurations
 23900 | Lair:4   | Reached XP level 14. HP: 68/68 MP: 35/35
 23909 | Lair:4   | Found a hole to the Spider Nest.
 24060 | Lair:5   | Noticed Maud
 24075 | Lair:5   | Killed Maud
 25260 | Lair:6   | Offered knowledge of Freezing Cloud by Vehumet.
 25434 | Lair:6   | Reached skill level 10 in Fire Magic
 25766 | Lair:6   | Found a staircase to the Slime Pits.
 26218 | Lair:6   | Found a staircase to the Shoals.
 27296 | Lair:7   | Found a frozen archway.
 27297 | Lair:7   | Offered knowledge of Poisonous Cloud by Vehumet.
 27309 | Lair:7   | Slain by a small abomination

Action                   |  1- 3 |  4- 6 |  7- 9 | 10-12 | 13-15 || total
-------------------------+-------+-------+-------+-------+-------++-------
Melee: Unarmed           |    22 |       |       |       |       ||    22
       Staff             |       |     3 |       |     2 |     7 ||    12
Throw: Stone             |     3 |     1 |       |       |       ||     4
       Tomahawk          |       |       |       |     1 |       ||     1
 Cast: Magic Dart        |    53 |    80 |   227 |   649 |   249 ||  1258
       Searing Ray       |     4 |    18 |    56 |    17 |       ||    95
       Iskenderun's Myst |       |       |    14 |    20 |     9 ||    43
       Iskenderun's Batt |       |       |     7 |   164 |    85 ||   256
       Mephitic Cloud    |       |       |       |    43 |     7 ||    50
       Lightning Bolt    |       |       |       |    50 |    29 ||    79
       Ignite Poison     |       |       |       |     2 |     3 ||     5
       Spellforged Servi |       |       |       |       |    29 ||    29
       Bolt of Fire      |       |       |       |       |    93 ||    93
 Abil: Fly               |       |       |       |       |     1 ||     1
       Stop Flying       |       |       |       |       |     1 ||     1
  Use: Scroll            |       |       |     2 |    10 |    15 ||    27
       Potion            |       |       |       |     4 |     3 ||     7
  Eat: Chunk             |     3 |     7 |    24 |    77 |    88 ||   199
       Fruit             |       |       |     2 |       |       ||     2
       Pizza             |       |       |       |     1 |       ||     1
       Royal jelly       |       |       |       |       |     1 ||     1
